 Dungeon Crawl Stone Soup version 0.22.1-1-ga44c0e5 (webtiles) character file.

104 empire the Slasher (level 4, 0/40 HPs)
             Began as a Minotaur Fighter on Oct 31, 2018.
             Was a Follower of Cheibriados.
             Slain by Sigmund
             ... wielding a +1 scythe of venom
              (8 damage)
             ... on level 3 of the Dungeon.
             The game lasted 00:03:49 (1567 turns).

empire the Slasher (Minotaur Fighter)               Turns: 1567, Time: 00:03:50

Health: 0/40       AC:  8    Str: 28    XL:     4   Next: 52%
Magic:  3/3        EV:  8    Int:  7    God:    Cheibriados [*.....]
Gold:   97         SH: 10    Dex: 12    Spells: 3/3 levels left

rFire    . . .     SeeInvis .   a - +0 long sword
rCold    . . .     Gourm    .   c - +0 shield
rNeg     . . .     Faith    .   b - +0 scale mail
rPois    .         Spirit   .   (helmet restricted)
rElec    .         Reflect  .   u - +0 cloak (curse)
rCorr    .         Harm     .   (no gloves)
MR       .....                  (no boots)
Stlth    ..........             (no amulet)
HPRegen  0.13/turn              (no ring)
MPRegen  0.08/turn              (no ring)

@: mighty, lethally poisoned (0 -> -6), very slow
A: retaliatory headbutt, horns 2
a: Bend Time, Renounce Religion


You were on level 3 of the Dungeon.
You worshipped Cheibriados.
Cheibriados was aware of your devotion.
You were not hungry.

You visited 1 branch of the dungeon, and saw 3 of its levels.

You collected 97 gold pieces.

Inventory:

Hand Weapons
 a - a +0 long sword (weapon)
 h - a +1 mace of protection
Armour
 b - a +0 scale mail (worn)
 c - a +0 shield (worn)
 r - a +0 plate armour
 u - a cursed +0 cloak (worn)
Jewellery
 n - an uncursed ring of flight {unknown}
Scrolls
 g - a scroll of remove curse {unknown}
 i - 4 scrolls of teleportation {unknown}
 j - 2 scrolls of enchant weapon {unknown}
 k - a scroll of random uselessness {unknown}
 l - 4 scrolls of identify {unknown}
 o - a scroll of fear {unknown}
 q - a scroll of amnesia {unknown}
 t - a scroll of enchant armour {unknown}
 v - a scroll of blinking {unknown}
Potions
 e - a potion of cancellation {unknown}
 p - a potion of heal wounds {unknown}
 w - a potion of flight {unknown}
Comestibles
 f - 8 rations
 s - 2 chunks of flesh


   Skills:
 - Level 4.0 Fighting
 * Level 4.6 Long Blades
 - Level 4.0 Armour
 + Level 1.6 Dodging
 - Level 4.0 Shields


You had 3 spell levels left.
You didn't know any spells.
Your spell library was empty.

Dungeon Overview and Level Annotations

Branches:
Dungeon (3/15)

Altars:
Cheibriados

Annotations:
D:3 Sigmund


Innate Abilities, Weirdness & Mutations

You reflexively headbutt those who attack you in melee.
You have a pair of horns on your head.


Message History

Sigmund flickers and vanishes!
Deactivating autopickup; reactivate with Ctrl-A.
You closely miss the bat. You block the bat's attack. Something hits you.
* * * LOW HITPOINT WARNING * * *
You block the bat's attack.
Unknown command.
You feel very mighty all of a sudden.
You block the bat's attack. x2; Something hits you but does no damage.
You are poisoned.
You barely miss the bat. Your headbutt misses the bat.
You feel sick. You block the bat's attack.
Some of the chunks of flesh in your inventory have rotted away.
You feel better. The bat hits you but does no damage. Something hits you!
* * * LOW HITPOINT WARNING * * *
You are poisoned.
You slash the bat!
You kill the bat!
Cheibriados thoroughly appreciates the change of pace.
You feel sick. Something hits you!
You die...

.# #.# #.# .############## #.#
#.# ..............# #[# #.#
#############.###.#############.#
#...................#
#####(############### ##.# #..#
#@## #†# #.rr{.....# #.........#
#.........# #..........
#.......... #..........
#.).......#


You could see 2 rats.

Vanquished Creatures
  4 adders
  2 worms
  3 leopard geckos (D:3)
  2 giant cockroaches
  8 goblins
  10 hobgoblins
  8 jackals
  5 kobolds
  5 bats
  2 frilled lizards
  3 rats (D:1)
52 creatures vanquished.

Notes
Turn   | Place    | Note
-------+----------+-------------------------------------------
     0 | D:1      | empire the Minotaur Fighter began the quest for the Orb.
     0 | D:1      | Reached XP level 1. HP: 19/19 MP: 0/0
    64 | D:1      | Reached XP level 2. HP: 21/27 MP: 1/1
   341 | D:1      | Reached XP level 3. HP: 33/33 MP: 2/2
   967 | D:2      | Found a snail-covered altar of Cheibriados.
   975 | D:2      | Became a worshipper of Cheibriados the Contemplative
  1356 | D:3      | Reached skill level 1 in Dodging
  1356 | D:3      | Reached XP level 4. HP: 40/40 MP: 3/3
  1469 | D:3      | Reached * piety under Cheibriados
  1550 | D:3      | Noticed Sigmund
  1560 | D:3      | HP: 1/40 [rat (2)]
  1567 | D:3      | Slain by Sigmund

Skill      XL: |  1  2  3 |
---------------+----------+-----
Long Blades    | 3 4 |  4.6
Shields        | 4 |  4.0
Armour         | 4 |  4.0
Fighting       | 4 |  4.0
Dodging        | 1 |  1.6

Action                   |  1- 3 |  4- 6 || total
-------------------------+-------+-------++-------
Melee: Long sword        |    76 |    46 ||   122
       Headbutt          |    14 |     4 ||    18
  Use: Potion            |       |     3 ||     3
  Eat: Chunk             |     2 |       ||     2
Armor: Scale mail        |    37 |    35 ||    72
Dodge: Dodged            |    21 |    24 ||    45
Block: Shield            |    48 |    29 ||    77
       Rpst.: Long sword |     5 |     3 ||     8
